[ PARTIDA AOE2 · #494331038 ]
UnrankedCoreanos vs Incas
Equipo del jugador · VICT
Equipo rival · DERR
[ ANÁLISIS DE REPETICIÓN · EXTRAÍDO DE LA PARTIDA GRABADA ]
Feudal
10:29
Castillos
22:06
Imperial
—
| APM promedio | 30.1 |
| APM pico | 60 |
| eAPM promedio | 14.3 |
| Aldeanos / militares | 38 / 29 |
Foco
⚔️ 32.1% · 🌾 67.9%
Archer ×11 · Spearman ×9 · Militia ×4 · Battering Ram ×3 · Iron Pagoda ×2
Feudal
9:58
Castillos
28:44
Imperial
—
| APM promedio | 46.6 |
| APM pico | 102 |
| eAPM promedio | 23.8 |
| Aldeanos / militares | 47 / 0 |
Foco
⚔️ 21.4% · 🌾 78.6%
Unknown (2550) ×21
Mapa de la partida
Recursos iniciales + cada clic de construcción. Líneas = muros · curvas = relieve. ◆ oro · ⬟ piedra · ● bayas · ✦ reliquia · ◌ hueco del cierre
Tu base· Abierta — flanco sin cerrar
Base de Nagflar· ✓ Cerrada en 28:44 · 27t muro · 1 puerta(s) · frágil
Terreno inicial suavizado · ◌ = hueco del cierre detectado · pasá el cursor para detalles
Inputs por minuto
— Disagri - - Nagflar
Build order — Disagri
120 acciones detectadas en el replay
| 0:02 | Construir | House |
| 0:03 | Crear | Villager (Male) |
| 0:04 | Crear | Villager (Male) |
| 0:05 | Construir | House |
| 0:35 | Crear | Villager (Male) |
| 0:36 | Crear | Villager (Male) |
| 1:38 | Crear | Villager (Male) |
| 2:00 | Crear | Villager (Male) |
| 2:11 | Investigar | Loom |
| 2:41 | Crear | Villager (Male) |
| 2:42 | Crear | Villager (Male) |
| 3:29 | Crear | Villager (Male) |
| 3:40 | Construir | House |
| 3:50 | Crear | Villager (Male) |
| 3:59 | Construir | Lumber Camp |
| 4:18 | Crear | Villager (Male) |
| 4:19 | Crear | Villager (Male) |
| 5:18 | Crear | Villager (Male) |
| 5:18 | Crear | Villager (Male) |
| 5:51 | Construir | House |
| 6:11 | Crear | Villager (Male) |
| 6:12 | Crear | Villager (Male) |
| 6:19 | Construir | Mill |
| 6:46 | Crear | Villager (Male) |
| 7:17 | Crear | Villager (Male) |
| 7:39 | Crear | Villager (Male) |
| 7:55 | Construir | Barracks |
| 8:19 | Investigar | Feudal Age |
| 8:28 | Construir | Lumber Camp |
| 8:49 | Crear | Villager (Male) |
| 9:17 | Construir | Mining Camp |
| 9:28 | Construir | House |
| 10:29 | Edad | Edad Feudal |
| 10:34 | Construir | Blacksmith |
| 10:37 | Crear | Spearman |
| 10:37 | Crear | Spearman |
| 10:43 | Crear | Villager (Male) |
| 11:02 | Construir | Archery Range |
| 11:13 | Construir | House |
| 11:17 | Construir | Palisade Wall |
| 11:25 | Investigar | Forging |
| 11:38 | Crear | Militia |
| 11:50 | Crear | Villager (Male) |
| 11:58 | Construir | Mining Camp |
| 12:12 | Investigar | Scale Mail Armor |
| 12:43 | Crear | Archer ×3 |
| 13:25 | Investigar | Man-at-Arms (upgrade) |
| 13:30 | Construir | Farm |
| 13:31 | Construir | Farm |
| 13:36 | Construir | Farm |
| 13:36 | Construir | Farm |
| 13:41 | Construir | Farm |
| 13:48 | Investigar | Fletching |
| 14:20 | Construir | Farm |
| 14:21 | Construir | Farm |
| 14:57 | Crear | Militia |
| 15:20 | Crear | Militia |
| 15:22 | Crear | Archer |
| 15:30 | Construir | Farm |
| 15:30 | Construir | Farm |
| 15:30 | Construir | Farm |
| 15:44 | Crear | Militia |
| 15:49 | Crear | Spearman |
| 16:04 | Crear | Spearman |
| 16:23 | Crear | Archer |
| 16:23 | Crear | Archer |
| 17:24 | Construir | Watch Tower |
| 17:48 | Construir | Watch Tower |
| 19:26 | Investigar | Castle Age |
| 20:02 | Construir | House |
| 20:17 | Construir | House |
| 20:26 | Construir | House |
| 20:30 | Construir | House |
| 20:36 | Crear | Archer |
| 20:36 | Crear | Archer |
| 20:44 | Investigar | Gold Mining |
| 20:49 | Crear | Villager (Male) |
| 20:49 | Crear | Villager (Male) |
| 21:09 | Crear | Spearman |
| 21:09 | Crear | Spearman |
| 21:26 | Construir | Watch Tower |
| 22:06 | Edad | Edad de los Castillos |
| 22:24 | Investigar | Double-Bit Axe |
| 22:30 | Crear | Villager (Male) |
| 22:56 | Construir | Siege Workshop |
| 23:06 | Investigar | Bow Saw |
| 23:07 | Crear | Villager (Male) |
| 23:07 | Crear | Villager (Male) |
| 23:17 | Investigar | Bodkin Arrow |
| 23:22 | Construir | Farm |
| 23:38 | Crear | Spearman |
| 23:43 | Crear | Villager (Male) |
| 23:54 | Construir | Farm |
| 23:57 | Crear | Villager (Male) |
| 24:29 | Construir | Watch Tower |
| 25:23 | Crear | Battering Ram |
| 25:28 | Crear | Iron Pagoda |
| 25:39 | Crear | Villager (Male) ×5 |
| 25:41 | Construir | Farm |
| 25:42 | Construir | Farm |
| 25:42 | Construir | Farm |
| 25:42 | Construir | Farm |
| 26:00 | Investigar | Crossbowman (upgrade) |
| 26:18 | Construir | Watch Tower |
| 26:47 | Crear | Archer ×2 |
| 26:56 | Crear | Villager (Male) |
| 26:56 | Crear | Villager (Male) |
| 27:56 | Crear | Battering Ram |
| 28:00 | Crear | Spearman |
| 28:00 | Crear | Spearman |
| 28:12 | Construir | Watch Tower |
| 28:26 | Investigar | Thumb Ring |
| 28:29 | Crear | Archer |
| 28:32 | Crear | Villager (Male) |
| 28:32 | Crear | Villager (Male) |
| 28:42 | Construir | Farm |
| 28:42 | Construir | Farm |
| 29:01 | Crear | Battering Ram |
| 29:15 | Construir | House |
| 29:46 | Crear | Iron Pagoda |
Build order — Nagflar
114 acciones detectadas en el replay
| 0:37 | Crear | Villager (Male) |
| 0:38 | Crear | Villager (Male) |
| 0:41 | Construir | House |
| 0:44 | Construir | House |
| 1:19 | Crear | Villager (Male) |
| 1:37 | Crear | Villager (Male) |
| 2:14 | Crear | Villager (Male) |
| 3:02 | Crear | Villager (Male) |
| 3:02 | Crear | Villager (Male) |
| 3:20 | Crear | Villager (Male) |
| 3:53 | Crear | Villager (Male) |
| 4:35 | Crear | Villager (Male) |
| 4:40 | Crear | Villager (Male) |
| 4:40 | Crear | Villager (Male) |
| 4:44 | Crear | Villager (Male) |
| 5:05 | Construir | Settlement |
| 6:04 | Crear | Villager (Male) |
| 6:04 | Crear | Villager (Male) |
| 6:31 | Crear | Villager (Male) |
| 7:20 | Crear | Villager (Male) |
| 7:48 | Investigar | Feudal Age |
| 8:08 | Crear | Villager (Male) |
| 8:38 | Construir | Barracks |
| 8:45 | Construir | Palisade Wall |
| 8:51 | Crear | Villager (Male) |
| 9:12 | Construir | House |
| 9:13 | Construir | House |
| 9:31 | Crear | Unit 2550 |
| 9:33 | Crear | Unit 2550 |
| 9:58 | Edad | Edad Feudal |
| 10:01 | Investigar | Tech 1402 |
| 10:13 | Crear | Villager (Male) |
| 10:33 | Construir | Settlement |
| 10:42 | Crear | Villager (Male) |
| 11:18 | Construir | House |
| 11:21 | Crear | Villager (Male) |
| 11:22 | Crear | Villager (Male) |
| 11:35 | Crear | Unit 2550 |
| 11:35 | Crear | Unit 2550 |
| 11:47 | Crear | Villager (Male) |
| 12:12 | Crear | Unit 2550 |
| 12:32 | Crear | Villager (Male) |
| 12:40 | Crear | Unit 2550 |
| 12:49 | Construir | Blacksmith |
| 12:54 | Crear | Villager (Male) |
| 13:35 | Crear | Villager (Male) |
| 13:42 | Crear | Unit 2550 |
| 13:49 | Investigar | Loom |
| 13:59 | Construir | Farm |
| 13:59 | Construir | Farm |
| 14:00 | Construir | Farm |
| 14:01 | Construir | Farm |
| 14:02 | Construir | Farm |
| 14:31 | Construir | Farm |
| 14:31 | Construir | Farm |
| 14:32 | Construir | Farm |
| 14:32 | Construir | Farm |
| 14:45 | Construir | Watch Tower |
| 15:10 | Construir | Palisade Wall |
| 15:38 | Construir | Settlement |
| 15:45 | Crear | Villager (Male) |
| 15:50 | Crear | Unit 2550 |
| 15:59 | Crear | Unit 2550 |
| 16:27 | Construir | Palisade Gate |
| 16:34 | Crear | Unit 2550 |
| 16:43 | Construir | Palisade Wall |
| 16:47 | Crear | Unit 2550 |
| 17:04 | Investigar | Scale Mail Armor |
| 17:35 | Crear | Unit 2550 |
| 18:19 | Crear | Unit 2550 |
| 18:20 | Crear | Unit 2550 |
| 18:22 | Crear | Villager (Male) |
| 18:22 | Crear | Villager (Male) |
| 18:23 | Crear | Villager (Male) |
| 18:28 | Investigar | Forging |
| 18:55 | Crear | Unit 2550 |
| 19:45 | Crear | Villager (Male) |
| 20:10 | Crear | Villager (Male) |
| 20:33 | Crear | Unit 2550 |
| 20:45 | Construir | Farm |
| 20:45 | Construir | Farm |
| 20:45 | Construir | Farm |
| 20:45 | Construir | Farm |
| 20:46 | Construir | Farm |
| 20:46 | Construir | Farm |
| 21:19 | Crear | Villager (Male) |
| 21:19 | Crear | Villager (Male) |
| 21:23 | Crear | Unit 2550 |
| 21:58 | Crear | Villager (Male) |
| 22:28 | Construir | House |
| 22:30 | Construir | House |
| 22:38 | Construir | Blacksmith |
| 22:47 | Construir | Market |
| 23:03 | Crear | Villager (Male) |
| 23:03 | Crear | Villager (Male) |
| 23:46 | Construir | House |
| 23:47 | Construir | House |
| 24:25 | Crear | Villager (Male) |
| 24:27 | Crear | Villager (Male) |
| 25:08 | Construir | Farm |
| 25:39 | Crear | Villager (Male) |
| 26:01 | Investigar | Castle Age |
| 28:37 | Crear | Unit 2550 |
| 28:44 | Edad | Edad de los Castillos |
| 29:08 | Crear | Villager (Male) |
| 29:08 | Crear | Villager (Male) |
| 29:09 | Crear | Villager (Male) |
| 29:09 | Crear | Villager (Male) |
| 29:28 | Crear | Unit 2550 |
| 29:28 | Crear | Unit 2550 |
| 29:29 | Crear | Unit 2550 |
| 29:34 | Investigar | Double-Bit Axe |
| 30:06 | Crear | Villager (Male) |
| 30:06 | Crear | Villager (Male) |
Cronología de la partida
| 7:55 | Disagri · first_building Barracks |
| 8:38 | Nagflar · first_building Barracks |
| 8:45 | Nagflar · wall_segment Palisade Wall x7 |
| 9:58 | Nagflar · age_up feudal |
| 10:29 | Disagri · age_up feudal |
| 11:02 | Disagri · first_building Archery Range |
| 11:17 | Disagri · wall_segment Palisade Wall x1 |
| 15:10 | Nagflar · wall_segment Palisade Wall x9 |
| 16:43 | Nagflar · wall_segment Palisade Wall x11 |
| 22:06 | Disagri · age_up castle |
| 22:56 | Disagri · first_building Siege Workshop |
| 28:44 | Nagflar · age_up castle |
| 30:38 | Nagflar · resign |
[ ANÁLISIS IA · 1 CRÉDITO ]
¿Qué pasó realmente en esta partida?
Wolo.gg analiza cada decisión: build order, eco, micro, errores típicos por bracket. Análisis personalizado por WhatsApp o Discord en 30 segundos.
Guía civ
Coreanos
Perfil
Disagri